Panthers vs MapleLeafs

Created - December 8, 2015 at 19:04

Goals
1 2 3 T
Panthers 1 3 0 4
MapleLeafs 0 1 1 2
Shots
1 2 3 T
Panthers 6 13 13 32
MapleLeafs 8 3 6 17

1st period

1. Panthers , Pavel Datsyuk 18 (Danny DeKeyser) at 14:20

Penalties :
No Penalty

2nd period

2. Panthers , Danny DeKeyser 2 (Jeff Petry, Martin St. Louis) at 8:21 (PP)
3. Panthers , Blake Wheeler 15 (Patrick Kane) at 17:37
4. MapleLeafs , Milan Lucic 7 (Antoine Roussel) at 17:41
5. Panthers , Pavel Datsyuk 19 (Vladimir Tarasenko, Danny DeKeyser) at 19:14

Penalties :
Milan Lucic (TOR) for Interference (Minor) at 0:08, Nick Leddy (TOR) for High sticking (Minor) at 8:15, Nick Leddy (TOR) for Holding (Minor) at 13:36

3rd period

6. MapleLeafs , Michael Grabner 10 (Jay Bouwmeester, Frans Nielsen) at 14:06

Penalties :
Travis Hamonic (TOR) for Hooking (Minor) at 3:57, Justin Braun (FLA) for Holding (Minor) at 7:27, Matt Martin (TOR) for Roughing (Minor) at 17:25

Goalie Stats

Michael Hutchinson (FLA), 15 saves from 17 shots - (0.882), W, 5-5-1, 60:00 minutes
Kevin Poulin (TOR), 13 saves from 13 shots - (1.000), 20:46 minutes
Petr Mrazek (TOR), 15 saves from 19 shots - (0.789), L, 8-15-0, 39:14 minutes

Players Stats for Panthers

Player Name              G  A  P  +/- PIM S  H  SB GA TA FO     MP     PP MP  PK MP  
------------------------------------------------------------------------------------
Blake Wheeler            1  0  1   1  0   4  6  0  0  0  1/1    21:16   3:42   0:38 
Danny DeKeyser           1  2  3   2  0   2  0  1  0  0  0/0    23:16   4:09   0:52 
Eric Nystrom             0  0  0   0  0   0  0  0  0  0  0/0     8:01   0:00   1:07 
Henrik Zetterberg        0  0  0   2  0   1  1  0  0  0  1/1    19:47   4:14   0:00 
Jeff Petry               0  1  1  -1  0   0  0  2  0  0  0/0    16:44   4:09   0:14 
Jori Lehtera             0  0  0  -2  0   1  0  0  0  0  8/18   14:24   3:48   0:00 
Justin Braun             0  0  0   0  2   6  2  2  0  0  0/0    23:15   3:53   0:00 
Marc Staal               0  0  0   2  0   0  1  0  0  0  0/0    18:54   0:00   0:39 
Martin St. Louis         0  1  1  -2  0   2  0  0  0  0  0/0    10:56   0:06   0:14 
Nathan MacKinnon         0  0  0   1  0   1  0  0  0  0  8/22   16:56   0:00   0:00 
Patrick Kane             0  1  1   1  0   6  0  0  0  0  1/4    20:38   3:42   0:00 
Pavel Datsyuk            2  0  2   2  0   5  1  0  0  0  10/22  20:25   4:14   0:38 
Pierre-Edouard Bellemare 0  0  0   0  0   0  1  0  0  0  0/0     7:14   0:06   0:14 
Riley Nash               0  0  0   0  0   0  0  0  0  0  2/7     8:01   0:00   1:07 
Ron Hainsey              0  0  0  -1  0   1  0  1  0  0  0/0    13:28   0:00   1:07 
T.J. Brodie              0  0  0   0  0   0  1  0  0  0  0/0    24:22   3:53   1:06 
Tomas Hertl              0  0  0  -2  0   0  2  0  0  0  0/0    10:36   0:00   0:00 
Vladimir Tarasenko       0  1  1   2  0   3  2  0  0  0  0/0    19:47   4:14   0:00 

Players Stats for MapleLeafs

Player Name              G  A  P  +/- PIM S  H  SB GA TA FO     MP     PP MP  PK MP  
------------------------------------------------------------------------------------
Alexei Emelin            0  0  0   0  0   0  0  0  0  0  0/0     0:00   0:00   0:00 
Antoine Roussel          0  1  1   1  0   0  0  0  0  0  1/1     4:46   0:00   0:52 
Brock Nelson             0  0  0   0  0   1  0  0  0  0  0/0    19:34   1:02   2:07 
David Clarkson           0  0  0  -1  0   1  4  0  0  0  10/20  15:46   0:00   0:00 
Devante Smith-Pelly      0  0  0  -1  0   0  1  0  0  0  0/0    15:34   0:00   0:00 
Eric Gelinas             0  0  0   0  0   1  0  0  0  0  0/0    14:49   0:00   2:10 
Frans Nielsen            0  1  1   1  0   1  0  0  0  0  11/19  24:34   1:02   5:20 
Jay Bouwmeester          0  1  1  -1  0   0  0  1  0  0  0/0    21:27   0:57   4:34 
Marcus Johansson         0  0  0  -1  0   3  0  0  0  0  7/12   22:12   0:57   4:30 
Matt Martin              0  0  0  -1  2   0  3  0  0  0  2/4    16:08   0:00   1:41 
Michael Del Zotto        0  0  0   0  0   2  1  1  0  0  0/0    20:21   1:02   3:28 
Michael Grabner          1  0  1   0  0   1  2  0  0  0  0/0    17:27   1:02   0:00 
Milan Lucic              1  0  1   0  2   4  2  1  0  0  4/5    20:30   0:57   1:34 
Nick Holden              0  0  0   0  0   1  0  0  0  0  0/0    13:13   0:00   0:00 
Nick Leddy               0  0  0  -1  4   1  0  1  0  0  0/0    19:42   0:57   2:51 
Nikita Nikitin           0  0  0   0  0   0  0  0  0  0  0/0     6:01   0:00   0:28 
Riley Sheahan            0  0  0  -1  0   1  0  0  0  0  9/14   15:25   0:57   0:00 
Travis Hamonic           0  0  0   0  2   0  4  0  0  0  0/0    24:24   1:02   2:33 

3 Stars

1 - Pavel Datsyuk (FLA)
2 - Danny DeKeyser (FLA)
3 - Blake Wheeler (FLA)

Power Play

Panthers - 1 on 5 Attempt(s) - 20.00%
MapleLeafs - 0 on 1 Attempt(s) - 0.00%

Penalty Kill

Panthers - 1 on 1 Attempt(s) - 100.00% - Score 0 goal in Penalty Kill
MapleLeafs - 4 on 5 Attempt(s) - 80.00% - Score 0 goal in Penalty Kill

Team Stat

Panthers - Hits : 17 - Faceoff Wins : 31 - Blocked Shots : 6 - Penalty Minutes : 2
MapleLeafs - Hits : 17 - Faceoff Wins : 44 - Blocked Shots : 4 - Penalty Minutes : 10

Official

Referees : Dennis LaRue and Dave Jackson
Linesman : Anthony Sericolo and Brad Kovachik

Game Notes

Kevin Poulin enters game at 19:14 of 2nd period

Finance

Level 1 -- Attendance: 6095 (93.77%) -- Ticket Income $646,070
Level 2 -- Attendance: 4470 (89.40%) -- Ticket Income $366,540
Level 3 -- Attendance: 2375 (67.86%) -- Ticket Income $161,500
Level 4 -- Attendance: 1767 (62.68%) -- Ticket Income $102,486
Luxury Box -- Attendance: 991 (99.10%) -- Ticket Income $206,128
Game was played at the Air Canada Center.
Total Attendance: 15698 (83.42%)
Total Ticket Income: $1,482,724
Other Income: $222,409
Total Income: $1,705,133

% Time on Ice - Panthers

Lines # - Real PCT - Wanted PCT - Time Play
Normal Forward
1 - 34% - 37% - 16:56
2 - 31% - 35% - 15:33
3 - 21% - 22% - 10:36
4 - 14% - 6% - 6:54
Normal Defense
1 - 39% - 41% - 19:23
2 - 36% - 39% - 18:03
3 - 25% - 20% - 12:21
4 - 0% - 0% - 0:12
PP Forward
1 - 47% - 50% - 3:48
2 - 53% - 50% - 4:14
PP Defense
1 - 48% - 55% - 3:53
2 - 52% - 45% - 4:09
PK Forward
1 - 68% - 60% - 1:21
2 - 32% - 40% - 0:38
PK Defense
1 - 67% - 60% - 1:20
2 - 33% - 40% - 0:39
PK3 Forward
1 - 0% - 60%
2 - 0% - 40%
PK3 Defense
1 - 0% - 60%
2 - 0% - 40%
44 Forward
1 - 0% - 60%
2 - 0% - 40%
44 Defense
1 - 0% - 60%
2 - 0% - 40%
Last Minute Offensive  - 0:00
Last Minute Defensive  - 0:00
Total
Forward - 60:00
Defense - 60:00

% Time on Ice - MapleLeafs

Lines # - Real PCT - Wanted PCT - Time Play
Normal Forward
1 - 32% - 40% - 15:46
2 - 33% - 30% - 16:25
3 - 29% - 20% - 14:28
4 - 7% - 10% - 3:20
Normal Defense
1 - 32% - 40% - 15:51
2 - 32% - 30% - 15:56
3 - 25% - 20% - 12:39
4 - 11% - 10% - 5:33
PP Forward
1 - 48% - 60% - 0:57
2 - 52% - 40% - 1:02
PP Defense
1 - 52% - 60% - 1:02
2 - 48% - 40% - 0:57
PK Forward
1 - 74% - 60% - 5:55
2 - 26% - 40% - 2:07
PK Defense
1 - 43% - 60% - 3:28
2 - 57% - 40% - 4:34
PK3 Forward
1 - 0% - 60%
2 - 0% - 40%
PK3 Defense
1 - 0% - 60%
2 - 0% - 40%
44 Forward
1 - 0% - 60%
2 - 0% - 40%
44 Defense
1 - 0% - 60%
2 - 0% - 40%
Last Minute Offensive  - 0:00
Last Minute Defensive  - 0:00
Total
Forward - 60:00
Defense - 60:00

Play by Play

1st period


0:01 of 1st period - David Clarkson wins face-off versus Nathan MacKinnon in neutral zone.
0:06 of 1st period - T.J. Brodie is hit by David Clarkson.
0:14 of 1st period - Shot by Milan Lucic.
0:14 of 1st period - Stopped by Michael Hutchinson without a rebound.
0:15 of 1st period - Frans Nielsen wins face-off versus Pavel Datsyuk in Panthers zone.
0:39 of 1st period - Shot by Pavel Datsyuk.
0:39 of 1st period - Shot Misses the Net.
1:15 of 1st period - Martin St. Louis is hit by Michael Grabner.
1:28 of 1st period - Shot by Martin St. Louis.
1:28 of 1st period - Stopped by Petr Mrazek without a rebound.
1:29 of 1st period - David Clarkson wins face-off versus Nathan MacKinnon in MapleLeafs zone.
1:29 of 1st period - David Clarkson is hit by Blake Wheeler.
1:42 of 1st period - Icing by T.J. Brodie.
1:43 of 1st period - Nathan MacKinnon wins face-off versus Riley Sheahan in Panthers zone.
1:50 of 1st period - Shot by Patrick Kane.
1:50 of 1st period - Shot Misses the Net.
1:58 of 1st period - Shot by Blake Wheeler.
1:58 of 1st period - Stopped by Petr Mrazek without a rebound.
1:59 of 1st period - Riley Nash wins face-off versus David Clarkson in MapleLeafs zone.
2:10 of 1st period - Shot by Marcus Johansson.
2:10 of 1st period - Stopped by Michael Hutchinson without a rebound.
2:11 of 1st period - Jori Lehtera wins face-off versus Riley Sheahan in Panthers zone.
2:50 of 1st period - Jori Lehtera is hit by Matt Martin and loses puck.
4:05 of 1st period - Icing by Marc Staal.
4:06 of 1st period - Frans Nielsen wins face-off versus Patrick Kane in Panthers zone.
5:24 of 1st period - Shot by Riley Sheahan.
5:24 of 1st period - Shot Blocked by Jeff Petry.
5:29 of 1st period - Pavel Datsyuk is hit by Matt Martin and loses puck.
5:48 of 1st period - Eric Nystrom is hit by Travis Hamonic and loses puck.
6:41 of 1st period - Shot by Ron Hainsey.
6:41 of 1st period - Stopped by Petr Mrazek with a rebound.
6:43 of 1st period - Shot by Tomas Hertl.
6:43 of 1st period - Shot Hit the Post.
6:45 of 1st period - Shot by Jeff Petry.
6:45 of 1st period - Shot Misses the Net.
7:51 of 1st period - Shot by Milan Lucic.
7:51 of 1st period - Stopped by Michael Hutchinson without a rebound.
7:52 of 1st period - Frans Nielsen wins face-off versus Nathan MacKinnon in Panthers zone.
8:59 of 1st period - Shot by Jori Lehtera.
8:59 of 1st period - Shot Misses the Net.
9:01 of 1st period - Shot by Jeff Petry.
9:01 of 1st period - Shot Misses the Net.
9:03 of 1st period - Shot by Jori Lehtera.
9:03 of 1st period - Stopped by Petr Mrazek with a rebound.
9:05 of 1st period - Shot by Ron Hainsey.
9:05 of 1st period - Shot Misses the Net.
9:07 of 1st period - Shot by Martin St. Louis.
9:07 of 1st period - Shot Misses the Net.
9:11 of 1st period - Shot by Jori Lehtera.
9:11 of 1st period - Shot Misses the Net.
9:18 of 1st period - Shot by Martin St. Louis.
9:18 of 1st period - Shot Misses the Net.
9:32 of 1st period - Icing by Riley Nash.
9:33 of 1st period - Antoine Roussel wins face-off versus Riley Nash in Panthers zone.
9:59 of 1st period - Frans Nielsen is hit by Justin Braun and loses puck.
10:32 of 1st period - Shot by Michael Del Zotto.
10:32 of 1st period - Stopped by Michael Hutchinson with a rebound.
10:53 of 1st period - Icing by Michael Del Zotto.
10:54 of 1st period - David Clarkson wins face-off versus Pavel Datsyuk in MapleLeafs zone.
10:56 of 1st period - Icing by Marcus Johansson.
10:57 of 1st period - Pavel Datsyuk wins face-off versus David Clarkson in MapleLeafs zone.
11:06 of 1st period - Shot by Henrik Zetterberg.
11:06 of 1st period - Shot Misses the Net.
11:28 of 1st period - Shot by Henrik Zetterberg.
11:28 of 1st period - Shot Blocked by Michael Del Zotto.
12:11 of 1st period - Shot by Patrick Kane.
12:11 of 1st period - Stopped by Petr Mrazek without a rebound.
12:12 of 1st period - Milan Lucic wins face-off versus Jori Lehtera in MapleLeafs zone.
12:23 of 1st period - Shot by Antoine Roussel.
12:23 of 1st period - Shot Misses the Net.
12:34 of 1st period - Icing by Jori Lehtera.
12:35 of 1st period - Frans Nielsen wins face-off versus Jori Lehtera in Panthers zone.
13:19 of 1st period - Icing by T.J. Brodie.
13:20 of 1st period - Nathan MacKinnon wins face-off versus David Clarkson in Panthers zone.
13:31 of 1st period - Shot by Patrick Kane.
13:31 of 1st period - Shot Misses the Net.
13:37 of 1st period - Shot by Marcus Johansson.
13:37 of 1st period - Shot Misses the Net.
13:39 of 1st period - Shot by Nick Holden.
13:39 of 1st period - Stopped by Michael Hutchinson without a rebound.
13:40 of 1st period - Riley Sheahan wins face-off versus Pavel Datsyuk in Panthers zone.
13:55 of 1st period - Travis Hamonic is hit by Pavel Datsyuk and loses puck.
14:20 of 1st period - Shot by Pavel Datsyuk.
14:20 of 1st period - Goal by Pavel Datsyuk - Panthers : 1 - MapleLeafs : 0.
14:21 of 1st period - David Clarkson wins face-off versus Patrick Kane in neutral zone.
14:24 of 1st period - Patrick Kane is hit by David Clarkson and loses puck.
15:33 of 1st period - Icing by Nick Holden.
15:34 of 1st period - Frans Nielsen wins face-off versus Pavel Datsyuk in MapleLeafs zone.
15:59 of 1st period - Shot by Brock Nelson.
15:59 of 1st period - Stopped by Michael Hutchinson without a rebound.
16:00 of 1st period - Riley Sheahan wins face-off versus Jori Lehtera in Panthers zone.
16:13 of 1st period - Off-side.
16:14 of 1st period - David Clarkson wins face-off versus Pavel Datsyuk in neutral zone.
16:23 of 1st period - Shot by Marcus Johansson.
16:23 of 1st period - Stopped by Michael Hutchinson without a rebound.
16:24 of 1st period - David Clarkson wins face-off versus Nathan MacKinnon in Panthers zone.
16:55 of 1st period - Shot by Milan Lucic.
16:55 of 1st period - Shot Blocked by Justin Braun.
16:57 of 1st period - Shot by Milan Lucic.
16:57 of 1st period - Shot Misses the Net.
18:23 of 1st period - Martin St. Louis is hit by Michael Del Zotto and loses puck.
18:33 of 1st period - Martin St. Louis is hit by Travis Hamonic and loses puck.
18:39 of 1st period - Jori Lehtera is hit by Travis Hamonic and loses puck.
18:50 of 1st period - Shot by Martin St. Louis.
18:50 of 1st period - Shot Misses the Net.
19:15 of 1st period - Off-side.
19:16 of 1st period - Riley Sheahan wins face-off versus Nathan MacKinnon in neutral zone.
19:21 of 1st period - Shot by Riley Sheahan.
19:21 of 1st period - Stopped by Michael Hutchinson without a rebound.
19:22 of 1st period - David Clarkson wins face-off versus Pavel Datsyuk in Panthers zone.
19:49 of 1st period - Icing by Pavel Datsyuk.
19:50 of 1st period - Pavel Datsyuk wins face-off versus Riley Sheahan in Panthers zone.
Goals for this period are 1 for Panthers vs 0 for MapleLeafs.
Shots for this period are 6 for Panthers vs 8 for MapleLeafs.

2nd period


0:01 of 2nd period - Nathan MacKinnon wins face-off versus David Clarkson in neutral zone.
0:08 of 2nd period - Minor Penalty to Milan Lucic for Interference.
0:09 of 2nd period - Patrick Kane wins face-off versus Marcus Johansson in MapleLeafs zone.
0:22 of 2nd period - Shot by Justin Braun.
0:22 of 2nd period - Stopped by Petr Mrazek without a rebound.
0:23 of 2nd period - Marcus Johansson wins face-off versus Pavel Datsyuk in MapleLeafs zone.
0:23 of 2nd period - Marcus Johansson is hit by Henrik Zetterberg.
0:58 of 2nd period - Off-side.
0:59 of 2nd period - Marcus Johansson wins face-off versus Jori Lehtera in neutral zone.
1:18 of 2nd period - Shot by Patrick Kane.
1:18 of 2nd period - Stopped by Petr Mrazek with a rebound.
1:20 of 2nd period - Shot by Justin Braun.
1:20 of 2nd period - Shot Misses the Net.
1:22 of 2nd period - Shot by T.J. Brodie.
1:22 of 2nd period - Shot Misses the Net.
1:40 of 2nd period - Shot by T.J. Brodie.
1:40 of 2nd period - Shot Misses the Net.
1:42 of 2nd period - Shot by Justin Braun.
1:42 of 2nd period - Shot Misses the Net.
1:44 of 2nd period - Shot by Justin Braun.
1:44 of 2nd period - Stopped by Petr Mrazek without a rebound.
1:45 of 2nd period - Pavel Datsyuk wins face-off versus Matt Martin in MapleLeafs zone.
2:18 of 2nd period - Shot by Danny DeKeyser.
2:18 of 2nd period - Shot Hit the Post.
2:32 of 2nd period - Shot by Riley Sheahan.
2:32 of 2nd period - Shot Blocked by Danny DeKeyser.
2:53 of 2nd period - Icing by Eric Gelinas.
2:54 of 2nd period - Riley Sheahan wins face-off versus Nathan MacKinnon in MapleLeafs zone.
2:56 of 2nd period - Eric Gelinas is hit by Blake Wheeler and loses puck.
3:18 of 2nd period - Michael Del Zotto is hit by Blake Wheeler and loses puck.
3:31 of 2nd period - Shot by Milan Lucic.
3:31 of 2nd period - Shot Misses the Net.
3:36 of 2nd period - Icing by T.J. Brodie.
3:37 of 2nd period - David Clarkson wins face-off versus Nathan MacKinnon in Panthers zone.
3:38 of 2nd period - Shot by Marcus Johansson.
3:38 of 2nd period - Stopped by Michael Hutchinson without a rebound.
3:39 of 2nd period - Pavel Datsyuk wins face-off versus David Clarkson in Panthers zone.
4:02 of 2nd period - Shot by Marcus Johansson.
4:02 of 2nd period - Shot Misses the Net.
4:04 of 2nd period - Shot by Jay Bouwmeester.
4:04 of 2nd period - Shot Misses the Net.
4:06 of 2nd period - Shot by Jay Bouwmeester.
4:06 of 2nd period - Shot Misses the Net.
4:08 of 2nd period - Shot by Milan Lucic.
4:08 of 2nd period - Shot Blocked by Ron Hainsey.
4:10 of 2nd period - Shot by Nick Leddy.
4:10 of 2nd period - Stopped by Michael Hutchinson without a rebound.
4:11 of 2nd period - Jori Lehtera wins face-off versus Frans Nielsen in Panthers zone.
4:11 of 2nd period - Martin St. Louis is hit by Michael Grabner and loses puck.
4:47 of 2nd period - Icing by Michael Del Zotto.
4:48 of 2nd period - Nathan MacKinnon wins face-off versus Frans Nielsen in MapleLeafs zone.
4:49 of 2nd period - Shot by Patrick Kane.
4:49 of 2nd period - Stopped by Petr Mrazek with a rebound.
5:05 of 2nd period - Shot by Blake Wheeler.
5:05 of 2nd period - Stopped by Petr Mrazek with a rebound.
5:29 of 2nd period - Icing by Patrick Kane.
5:30 of 2nd period - Riley Sheahan wins face-off versus Nathan MacKinnon in Panthers zone.
5:51 of 2nd period - Nick Holden is hit by Blake Wheeler and loses puck.
6:08 of 2nd period - Shot by Riley Sheahan.
6:08 of 2nd period - Deflect By Matt Martin.
6:08 of 2nd period - Shot Misses the Net.
6:32 of 2nd period - Shot by Marcus Johansson.
6:32 of 2nd period - Deflect By Milan Lucic.
6:32 of 2nd period - Shot Misses the Net.
6:37 of 2nd period - Icing by Nathan MacKinnon.
6:38 of 2nd period - Blake Wheeler wins face-off versus Frans Nielsen in Panthers zone.
8:03 of 2nd period - Shot by Milan Lucic.
8:03 of 2nd period - Shot Blocked by Jeff Petry.
8:09 of 2nd period - Jay Bouwmeester is hit by Tomas Hertl and loses puck.
8:15 of 2nd period - Minor Penalty to Nick Leddy for High sticking.
8:16 of 2nd period - Jori Lehtera wins face-off versus Marcus Johansson in MapleLeafs zone.
8:19 of 2nd period - Shot by Jeff Petry.
8:19 of 2nd period - Shot Misses the Net.
8:21 of 2nd period - Shot by Danny DeKeyser.
8:21 of 2nd period - Goal by Danny DeKeyser - Panthers : 2 - MapleLeafs : 0.
8:22 of 2nd period - Riley Sheahan wins face-off versus Riley Nash in neutral zone.
9:19 of 2nd period - Martin St. Louis is hit by Devante Smith-Pelly and loses puck.
9:57 of 2nd period - Danny DeKeyser is hit by David Clarkson and loses puck.
10:32 of 2nd period - Icing by T.J. Brodie.
10:33 of 2nd period - Pavel Datsyuk wins face-off versus Frans Nielsen in Panthers zone.
11:00 of 2nd period - Shot by Vladimir Tarasenko.
11:00 of 2nd period - Shot Misses the Net.
11:32 of 2nd period - Shot by Blake Wheeler.
11:32 of 2nd period - Stopped by Petr Mrazek without a rebound.
11:33 of 2nd period - Nathan MacKinnon wins face-off versus David Clarkson in MapleLeafs zone.
11:36 of 2nd period - Shot by Nathan MacKinnon.
11:36 of 2nd period - Stopped by Petr Mrazek without a rebound.
11:37 of 2nd period - Nathan MacKinnon wins face-off versus David Clarkson in MapleLeafs zone.
11:48 of 2nd period - Ron Hainsey is hit by David Clarkson and loses puck.
12:17 of 2nd period - Shot by Blake Wheeler.
12:17 of 2nd period - Shot Misses the Net.
12:36 of 2nd period - Travis Hamonic is hit by Vladimir Tarasenko and loses puck.
13:01 of 2nd period - Shot by Pavel Datsyuk.
13:01 of 2nd period - Stopped by Petr Mrazek with a rebound.
13:07 of 2nd period - Shot by Vladimir Tarasenko.
13:07 of 2nd period - Stopped by Petr Mrazek without a rebound.
13:08 of 2nd period - Frans Nielsen wins face-off versus Jori Lehtera in MapleLeafs zone.
13:08 of 2nd period - Frans Nielsen is hit by Tomas Hertl.
13:36 of 2nd period - Minor Penalty to Nick Leddy for Holding.
13:37 of 2nd period - Matt Martin wins face-off versus Patrick Kane in MapleLeafs zone.
13:45 of 2nd period - Icing by Jori Lehtera.
13:46 of 2nd period - Jori Lehtera wins face-off versus Matt Martin in Panthers zone.
13:51 of 2nd period - Shot by Patrick Kane.
13:51 of 2nd period - Stopped by Petr Mrazek without a rebound.
13:52 of 2nd period - Marcus Johansson wins face-off versus Pavel Datsyuk in MapleLeafs zone.
15:02 of 2nd period - Antoine Roussel is hit by Blake Wheeler and loses puck.
15:41 of 2nd period - Travis Hamonic is hit by Pierre-Edouard Bellemare and loses puck.
17:17 of 2nd period - Off-side.
17:18 of 2nd period - Frans Nielsen wins face-off versus Nathan MacKinnon in neutral zone.
17:37 of 2nd period - Shot by Blake Wheeler.
17:37 of 2nd period - Goal by Blake Wheeler - Panthers : 3 - MapleLeafs : 0.
17:38 of 2nd period - Milan Lucic wins face-off versus Jori Lehtera in neutral zone.
17:41 of 2nd period - Shot by Milan Lucic.
17:41 of 2nd period - Goal by Milan Lucic - Panthers : 3 - MapleLeafs : 1.
17:42 of 2nd period - Nathan MacKinnon wins face-off versus Frans Nielsen in neutral zone.
17:56 of 2nd period - Shot by Frans Nielsen.
17:56 of 2nd period - Shot Blocked by Justin Braun.
18:03 of 2nd period - Blake Wheeler is hit by Travis Hamonic and loses puck.
19:08 of 2nd period - Shot by Vladimir Tarasenko.
19:08 of 2nd period - Shot Blocked by Nick Leddy.
19:12 of 2nd period - Shot by Pavel Datsyuk.
19:12 of 2nd period - Deflect By Vladimir Tarasenko.
19:12 of 2nd period - Shot Misses the Net.
19:14 of 2nd period - Shot by Pavel Datsyuk.
19:14 of 2nd period - Goal by Pavel Datsyuk - Panthers : 4 - MapleLeafs : 1.
19:14 of 2nd period - Kevin Poulin enters game.
19:15 of 2nd period - Matt Martin wins face-off versus Jori Lehtera in neutral zone.
Goals for this period are 3 for Panthers vs 1 for MapleLeafs.
Shots for this period are 13 for Panthers vs 3 for MapleLeafs.

3rd period


0:01 of 3rd period - David Clarkson wins face-off versus Nathan MacKinnon in neutral zone.
0:07 of 3rd period - Off-side.
0:08 of 3rd period - David Clarkson wins face-off versus Nathan MacKinnon in neutral zone.
0:52 of 3rd period - Marcus Johansson is hit by T.J. Brodie.
1:06 of 3rd period - Icing by Patrick Kane.
1:07 of 3rd period - Riley Sheahan wins face-off versus Nathan MacKinnon in Panthers zone.
1:07 of 3rd period - Riley Sheahan is hit by Justin Braun.
1:11 of 3rd period - Shot by Devante Smith-Pelly.
1:11 of 3rd period - Shot Misses the Net.
1:53 of 3rd period - Shot by Henrik Zetterberg.
1:53 of 3rd period - Stopped by Kevin Poulin with a rebound.
2:09 of 3rd period - Shot by Vladimir Tarasenko.
2:09 of 3rd period - Shot Misses the Net.
2:19 of 3rd period - Shot by Brock Nelson.
2:19 of 3rd period - Shot Misses the Net.
2:21 of 3rd period - Shot by Eric Gelinas.
2:21 of 3rd period - Stopped by Michael Hutchinson with a rebound.
2:32 of 3rd period - Icing by Frans Nielsen.
2:33 of 3rd period - Jori Lehtera wins face-off versus Frans Nielsen in MapleLeafs zone.
2:52 of 3rd period - Shot by Martin St. Louis.
2:52 of 3rd period - Shot Misses the Net.
3:36 of 3rd period - Shot by Milan Lucic.
3:36 of 3rd period - Stopped by Michael Hutchinson with a rebound.
3:43 of 3rd period - Justin Braun is hit by Milan Lucic and loses puck.
3:52 of 3rd period - Shot by Marcus Johansson.
3:52 of 3rd period - Shot Misses the Net.
3:57 of 3rd period - Minor Penalty to Travis Hamonic for Hooking.
3:58 of 3rd period - Marcus Johansson wins face-off versus Pavel Datsyuk in MapleLeafs zone.
3:58 of 3rd period - Marcus Johansson is hit by Vladimir Tarasenko.
4:20 of 3rd period - Shot by Pavel Datsyuk.
4:20 of 3rd period - Stopped by Kevin Poulin without a rebound.
4:21 of 3rd period - Milan Lucic wins face-off versus Jori Lehtera in MapleLeafs zone.
4:58 of 3rd period - Shot by T.J. Brodie.
4:58 of 3rd period - Shot Blocked by Milan Lucic.
5:00 of 3rd period - Shot by Justin Braun.
5:00 of 3rd period - Stopped by Kevin Poulin with a rebound.
5:02 of 3rd period - Shot by Justin Braun.
5:02 of 3rd period - Stopped by Kevin Poulin without a rebound.
5:03 of 3rd period - Marcus Johansson wins face-off versus Pavel Datsyuk in MapleLeafs zone.
5:21 of 3rd period - Shot by Henrik Zetterberg.
5:21 of 3rd period - Shot Misses the Net.
5:23 of 3rd period - Shot by Danny DeKeyser.
5:23 of 3rd period - Stopped by Kevin Poulin with a rebound.
5:25 of 3rd period - Shot by Vladimir Tarasenko.
5:25 of 3rd period - Stopped by Kevin Poulin without a rebound.
5:26 of 3rd period - Henrik Zetterberg wins face-off versus Milan Lucic in MapleLeafs zone.
5:46 of 3rd period - Shot by Vladimir Tarasenko.
5:46 of 3rd period - Stopped by Kevin Poulin without a rebound.
5:47 of 3rd period - Jori Lehtera wins face-off versus Frans Nielsen in MapleLeafs zone.
7:27 of 3rd period - Minor Penalty to Justin Braun for Holding.
7:28 of 3rd period - Frans Nielsen wins face-off versus Riley Nash in Panthers zone.
7:54 of 3rd period - Off-side.
7:55 of 3rd period - Riley Sheahan wins face-off versus Riley Nash in neutral zone.
8:34 of 3rd period - Jay Bouwmeester is hit by Marc Staal and loses puck.
9:05 of 3rd period - Shot by Frans Nielsen.
9:05 of 3rd period - Stopped by Michael Hutchinson without a rebound.
9:06 of 3rd period - Riley Nash wins face-off versus Frans Nielsen in Panthers zone.
9:25 of 3rd period - Shot by Michael Del Zotto.
9:25 of 3rd period - Stopped by Michael Hutchinson without a rebound.
9:26 of 3rd period - Frans Nielsen wins face-off versus Riley Nash in Panthers zone.
9:45 of 3rd period - Shot by Martin St. Louis.
9:45 of 3rd period - Stopped by Kevin Poulin without a rebound.
9:46 of 3rd period - Pavel Datsyuk wins face-off versus David Clarkson in MapleLeafs zone.
9:55 of 3rd period - Shot by David Clarkson.
9:55 of 3rd period - Stopped by Michael Hutchinson without a rebound.
9:56 of 3rd period - Frans Nielsen wins face-off versus Nathan MacKinnon in Panthers zone.
11:07 of 3rd period - Shot by Pavel Datsyuk.
11:07 of 3rd period - Stopped by Kevin Poulin without a rebound.
11:08 of 3rd period - Jori Lehtera wins face-off versus David Clarkson in MapleLeafs zone.
11:11 of 3rd period - Shot by Martin St. Louis.
11:11 of 3rd period - Shot Blocked by Jay Bouwmeester.
11:14 of 3rd period - Icing by Nick Leddy.
11:15 of 3rd period - Pavel Datsyuk wins face-off versus David Clarkson in MapleLeafs zone.
11:42 of 3rd period - Icing by Danny DeKeyser.
11:43 of 3rd period - Pavel Datsyuk wins face-off versus Riley Sheahan in Panthers zone.
13:25 of 3rd period - Shot by Marcus Johansson.
13:25 of 3rd period - Shot Misses the Net.
13:27 of 3rd period - Shot by Michael Del Zotto.
13:27 of 3rd period - Shot Misses the Net.
14:06 of 3rd period - Shot by Michael Grabner.
14:06 of 3rd period - Goal by Michael Grabner - Panthers : 4 - MapleLeafs : 2.
14:07 of 3rd period - Frans Nielsen wins face-off versus Pavel Datsyuk in neutral zone.
14:10 of 3rd period - Danny DeKeyser is hit by Milan Lucic and loses puck.
15:41 of 3rd period - Shot by Patrick Kane.
15:41 of 3rd period - Shot Misses the Net.
16:20 of 3rd period - Icing by Eric Gelinas.
16:21 of 3rd period - Pavel Datsyuk wins face-off versus Marcus Johansson in MapleLeafs zone.
16:38 of 3rd period - Shot by Vladimir Tarasenko.
16:38 of 3rd period - Shot Misses the Net.
17:24 of 3rd period - Patrick Kane is hit by Matt Martin and loses puck.
17:25 of 3rd period - Minor Penalty to Matt Martin for Roughing.
17:26 of 3rd period - Jori Lehtera wins face-off versus Marcus Johansson in MapleLeafs zone.
17:35 of 3rd period - Shot by Blake Wheeler.
17:35 of 3rd period - Deflect By Patrick Kane.
17:35 of 3rd period - Stopped by Kevin Poulin without a rebound.
17:36 of 3rd period - Marcus Johansson wins face-off versus Jori Lehtera in MapleLeafs zone.
17:49 of 3rd period - Shot by Justin Braun.
17:49 of 3rd period - Stopped by Kevin Poulin without a rebound.
17:50 of 3rd period - Marcus Johansson wins face-off versus Jori Lehtera in MapleLeafs zone.
17:50 of 3rd period - Marcus Johansson is hit by Blake Wheeler.
18:09 of 3rd period - Shot by Patrick Kane.
18:09 of 3rd period - Stopped by Kevin Poulin with a rebound.
18:11 of 3rd period - Shot by Justin Braun.
18:11 of 3rd period - Stopped by Kevin Poulin without a rebound.
18:12 of 3rd period - Pavel Datsyuk wins face-off versus Marcus Johansson in MapleLeafs zone.
18:53 of 3rd period - Icing by Pavel Datsyuk.
18:54 of 3rd period - Milan Lucic wins face-off versus Pavel Datsyuk in Panthers zone.
19:05 of 3rd period - Shot by Pavel Datsyuk.
19:05 of 3rd period - Deflect By Vladimir Tarasenko.
19:05 of 3rd period - Shot Misses the Net.
19:27 of 3rd period - Icing by Nathan MacKinnon.
19:28 of 3rd period - Nathan MacKinnon wins face-off versus Riley Sheahan in Panthers zone.
19:30 of 3rd period - Icing by Blake Wheeler.
19:31 of 3rd period - Riley Sheahan wins face-off versus Nathan MacKinnon in Panthers zone.
Goals for this period are 0 for Panthers vs 1 for MapleLeafs.
Shots for this period are 13 for Panthers vs 6 for MapleLeafs.